 Dungeon Sprint DCSS version 0.30-a0-50-gb2d611f6b1 (webtiles) character file.

Game seed: 3083589964012761986

5317 rocky1 the Warrior (level 10, -3/132 HPs)
             Began as an Ogre Cinder Acolyte on Sept 5, 2022.
             Was a Believer of Ignis.
             Killed from afar by an acid dragon (24 damage)
             ... with a splash of acid
             ... in the Dungeon (Sprint VII: "The Pits").
             The game lasted 00:10:00 (2379 turns).

rocky1 the Warrior (Ogre Cinder Acolyte)            Turns: 2379, Time: 00:10:01

Health: -3/132     AC: 14    Str: 20    XL:     10   Next: 64%
Magic:  11/11      EV: 10    Int: 18    God:    Ignis [**....]
Gold:   0          SH:  0    Dex:  8    Spells: 11/11 levels left

rFire   + . .      SeeInvis .    q - +10 morningstar "Eos" {elec, Halo rElec}
rCold   . . .      Faith    .    (no shield)
rNeg    . . .      Spirit   .    b - +0 robe
rPois   .          Reflect  .    (helmet restricted)
rElec   +          Harm     .    p - +0 cloak
rCorr   .          Rampage  .    (gloves unavailable)
Will    +....      NoTele   +    (boots unavailable)
Stlth   +.........               (no amulet)
HPRegen 0.32/turn                h - +3 ring of protection
MPRegen 0.12/turn                c - +3 ring of intelligence

@: fiery-armoured, glowing
A: large, unfitting armour, tough skin 1
a: Renounce Religion, Fiery Armour, Foxfire Swarm, Rising Flame


You were in the Dungeon.
You worshipped Ignis.
Ignis was pleased with you.
You visited 1 branch

Inventory:

Hand Weapons
 a - a -1 mace of flaming
 l - a +2 vorpal flail
 q - the +10 morningstar "Eos" (weapon) {elec, Halo rElec}
   (You found it in the Dungeon)

   It occasionally discharges a powerful burst of electricity upon striking a
   foe.
   It grants its wielder a halo, revealing invisible creatures and increasing
   accuracy against all within it other than the wielder.
   rElec:     It insulates you from electricity.
Missiles
 g - a curare-tipped dart (quivered)
Armour
 b - a +0 robe (worn)
 p - a +0 cloak (worn)
Jewellery
 c - a +3 ring of intelligence (right hand)
 h - a +3 ring of protection (left hand)
Scrolls
 j - 5 scrolls of amnesia
 k - a scroll of summoning
Potions
 d - 2 potions of curing
 e - 4 potions of haste
 f - 4 potions of magic
 i - 2 potions of invisibility
 n - a potion of resistance
 o - a potion of mutation


   Skills:
 + Level 17.8 Fighting
 - Level 17.0 Maces & Flails
 + Level 3.6 Throwing
 + Level 5.1 Armour
 + Level 5.5 Dodging
 - Level 1.2 Spellcasting
 - Level 2.6 Fire Magic


You had 11 spell levels left.
You didn't know any spells.
Your spell library contained the following spells:

 Spells                   Type           Power      Damage    Failure   Level
 Scorch                   Fire           20%        2d6       10%         2


Dungeon Overview and Level Annotations

Branches:
Dungeon (1/1)

Altars:
Cheibriados
Dithmenos
Elyvilon
Fedhas
Gozag
Hepliaklqana
Makhleb
Nemelex Xobeh
Okawaru
Qazlal
Ru
Sif Muna
Trog
Wu Jian
Xom
Yredelemnul
Zin
The Shining One
Jiyva


Innate Abilities, Weirdness & Mutations

You are too large for most types of armour.
You have tough skin. (AC +1)


Message History

You thump the hellwing!
The hellwing is heavily wounded.
The hellwing hits you but does no damage. x2
The hellwing is burned by your cloak of flames.
The hellwing is severely wounded.
You barely miss the hellwing.
The hellwing is severely wounded.
The hellwing hits you.
* * * LOW HITPOINT WARNING * * *
The hellwing hits you but does no damage.
The hellwing is burned by your cloak of flames.
The hellwing is severely wounded.
You feel better. The hellwing hits you.
* * * LOW HITPOINT WARNING * * *
The hellwing barely misses you.
Unknown command.
You barely miss the hellwing.
The hellwing is severely wounded.
You hit the hellwing but do no damage. Lightning courses through the hellwing!
The hellwing is almost dead.
The hellwing closely misses you. The hellwing hits you.
* * * LOW HITPOINT WARNING * * *
You hit the hellwing.
The hellwing is almost dead.
The hellwing hits you but does no damage.
The hellwing is burned by your cloak of flames.
The hellwing is almost dead.
The hellwing hits you.
* * * LOW HITPOINT WARNING * * *
The hellwing is burned by your cloak of flames.
The hellwing is almost dead.
You puncture the hellwing!
Lightning courses through the hellwing!!
You kill the hellwing!
Your Armour skill increases to level 5!
Unknown command.
You feel better. The acid dragon spits acid at you.
The splash of acid hits you!!
You die...

#.......##..#...#
#.......##..'..# ...
#.......##.##).# ...
############...+ ..
######### #....# ho ##
...#..[[##..#..## D##..
...#..[.##.###..##.'.
...'..))####.##.)#D##
...#..).###.))รท.@'D.#
...#..))##...)#.[##......
################## #####


You could see a steam dragon and an acid dragon (catching breath).

Vanquished Creatures
  A two-headed ogre (D)
  An orc high priest (D)
  A phantasmal warrior (D)
  A manticore (D)
  Joseph (D)
  A komodo dragon (D)
  2 kobold demonologists (D)
  A rime drake (D)
  A freezing wraith (D)
  A hellwing (D)
  A tyrant leech (D)
  A snapping turtle (D)
  A fire bat (D)
  A warg (D)
  A water moccasin (D)
  A black bear (D)
  2 orc warriors (D)
  A centaur (D)
  A phantom (D)
  A kobold brigand (D)
  A necrophage (D)
  A bullfrog (D)
  A gnoll bouda (D)
  An orc wizard (D)
  A hell rat (D)
  5 gnolls (D)
  An adder (D)
  An ufetubus (D)
  An adder skeleton (D)
  8 orcs (D)
  A giant cockroach (D)
  2 goblins (D)
  2 hobgoblins (D)
  A quokka (D)
  A bat (D)
  3 kobolds (D)
  2 rats (D)
55 creatures vanquished.

Vanquished Creatures (others)
  49 foxfires (D)
49 creatures vanquished.

Grand Total: 104 creatures vanquished

Notes
Turn   | Place    | Note
-------+----------+-------------------------------------------
     0 | D        | rocky1 the Ogre Cinder Acolyte began the quest for the Orb.
     0 | D        | Reached XP level 1. HP: 24/24 MP: 2/2
    14 | D        | Reached skill level 5 in Fighting
    14 | D        | Reached XP level 2. HP: 35/35 MP: 3/3
    20 | D        | Found a bloodstained altar of Trog.
    20 | D        | Found a shimmering blue altar of Sif Muna.
    20 | D        | Found a viscous altar of Jiyva.
    20 | D        | Found a hazy altar of Hepliaklqana.
    20 | D        | Found an opulent altar of Gozag.
    21 | D        | Found a glowing golden altar of the Shining One.
    21 | D        | Found a glowing silver altar of Zin.
    21 | D        | Found a basalt altar of Yredelemnul.
    21 | D        | Found a shimmering altar of Xom.
    21 | D        | Found an ornate altar of the Wu Jian Council.
    21 | D        | Found a sacrificial altar of Ru.
    21 | D        | Found a stormy altar of Qazlal.
    21 | D        | Found an iron altar of Okawaru.
    21 | D        | Found a sparkling altar of Nemelex Xobeh.
    21 | D        | Found a burning altar of Makhleb.
    21 | D        | Found a blossoming altar of Fedhas.
    21 | D        | Found a white marble altar of Elyvilon.
    21 | D        | Found a shadowy altar of Dithmenos.
    21 | D        | Found a snail-covered altar of Cheibriados.
   115 | D        | Noticed a centaur
   139 | D        | Killed a centaur
   140 | D        | Reached XP level 3. HP: 22/48 MP: 4/4
   140 | D        | Reached XP level 4. HP: 27/57 MP: 5/5
   592 | D        | Noticed a bullfrog
   593 | D        | Noticed a water moccasin
   600 | D        | Killed a bullfrog
   601 | D        | Reached XP level 5. HP: 61/66 MP: 6/6
   615 | D        | Killed a water moccasin
   616 | D        | Reached skill level 10 in Fighting
   616 | D        | Reached skill level 10 in Maces & Flails
   616 | D        | Reached XP level 6. HP: 52/79 MP: 7/7
   629 | D        | Noticed an orc warrior
   641 | D        | Killed an orc warrior
  1076 | D        | Noticed a rime drake
  1081 | D        | Killed a rime drake
  1082 | D        | Reached XP level 7. HP: 74/92 MP: 8/8
  1091 | D        | Noticed a phantasmal warrior
  1091 | D        | Noticed a komodo dragon
  1100 | D        | Killed a komodo dragon
  1100 | D        | HP: 2/92 [phantasmal warrior (18)]
  1101 | D        | Reached XP level 8. HP: 3/102 MP: 9/9
  1117 | D        | Killed a phantasmal warrior
  1468 | D        | Found the +10 morningstar "Eos" {elec, Halo rElec}
  1568 | D        | Noticed a snapping turtle
  1568 | D        | Noticed a two-headed ogre
  1588 | D        | Killed a two-headed ogre
  1589 | D        | Reached skill level 15 in Fighting
  1589 | D        | Reached skill level 15 in Maces & Flails
  1589 | D        | Reached XP level 9. HP: 105/118 MP: 10/10
  1705 | D        | Noticed Joseph
  1711 | D        | Noticed a freezing wraith
  1714 | D        | Killed Joseph
  1723 | D        | Killed a freezing wraith
  1959 | D        | Noticed a tyrant leech
  1974 | D        | Killed a tyrant leech
  1975 | D        | Reached skill level 1 in Armour
  1975 | D        | Reached skill level 1 in Dodging
  1986 | D        | Noticed a kobold demonologist
  1986 | D        | Noticed a kobold demonologist
  1986 | D        | Noticed a manticore
  1988 | D        | Noticed a rust devil
  1991 | D        | Killed a manticore
  1992 | D        | Reached XP level 10. HP: 108/128 MP: 11/11
  1995 | D        | Killed a kobold demonologist
  1998 | D        | Killed a kobold demonologist
  2298 | D        | Noticed an orc high priest
  2311 | D        | Noticed an orange demon
  2311 | D        | Noticed a sixfirhy
  2316 | D        | Reached skill level 1 in Throwing
  2318 | D        | Noticed a smoke demon
  2325 | D        | Killed an orc high priest
  2326 | D        | Reached skill level 5 in Dodging
  2379 | D        | Reached skill level 5 in Armour
  2379 | D        | Killed from afar by an acid dragon

Illustrated notes

Levels and vault maps discovered:
D:        pitsprint [storerooms_1, entrance_room_1, metal_vault_7, armoury_1,
          mini_pit_1, grid_room_1, main_hall_1, silver_pit, the_coven_1,
          the_vestibule_1, steel_vault_3, golden_pit, hallway_of_sentries,
          crystal_vault_1, iron_vault_2, final_vault]

Skill      XL: |  1  2  3  4  5  6  7  8  9 10 |
---------------+-------------------------------+-----
Fighting       | 5 7 8 10 12 13 15 16 17 | 17.8
Maces & Flails | 4 7 8 10 12 13 15 17 | 17.0
Armour         | 2 5 |  5.1
Dodging        | 2 5 |  5.5
Throwing       | 3 |  3.6
Spellcasting   | |  1.2
Fire Magic     | |  2.6

Action                   |  1- 3 |  4- 6 |  7- 9 | 10-12 || total
-------------------------+-------+-------+-------+-------++-------
Melee: Mace              |    25 |     4 |       |       ||    29
       Flail             |       |    39 |    17 |       ||    56
       Punch             |       |     1 |       |       ||     1
       Morningstar       |       |       |    34 |    46 ||    80
Invok: Foxfire Swarm     |     1 |       |     2 |       ||     3
       Fiery Armour      |       |     2 |     2 |     1 ||     5
  Use: Potion            |     3 |     3 |     6 |     6 ||    18
       Scroll            |       |       |     1 |       ||     1
Armor: Robe              |    14 |     9 |    18 |    36 ||    77
Dodge: Dodged            |    29 |    10 |    25 |    35 ||    99

Table legend: (Time is in decaauts)
 A = Elapsed time spent in this place.
 B = Non-inter-level travel time spent in this place.
 C = Inter-level travel time spent in this place.
 D = Time resting spent in this place.
 E = Time spent auto-exploring this place.
 F = Levels seen in this place.
 G = Mean time per level.
                   A        B        C        D        E       F      G
               +--------+--------+--------+--------+--------+-----+--------+
         Total |   2388 |   2326 |     62 |   1838 |      0 |   1 | 2388.0 |
       Dungeon |   2388 |   2326 |     62 |   1838 |      0 |   1 | 2388.0 |
               +--------+--------+--------+--------+--------+-----+--------+

Top non-repeatable levels by time:
       D: 2388 daAuts
